 Dungeon Crawl Stone Soup version 0.31.0-2-g5a2aebc5c2 (webtiles) character file.

Game seed: 6793482883082973802

8884 Megalobster the Severer (level 11, -6/82 HPs)
             Began as a Minotaur Berserker on Jan 21, 2024.
             Was a Priest of Trog.
             Mangled by a vampire mosquito (7 damage)
             ... on level 12 of the Dungeon.
             The game lasted 00:29:09 (9299 turns).

Megalobster the Severer (Minotaur Berserker)        Turns: 9299, Time: 00:29:10

Health: -6/82      AC: 12    Str: 38    XL:     11   Next: 15%
Magic:  10/10      EV: 12    Int:  4    God:    Trog [***...]
Gold:   741        SH:  0    Dex: 10    Spells: 10/10 levels left

rFire   . . .        a - +0 battleaxe (venom)
rCold   . . .        (shield currently unavailable)
rNeg    . . .        H - +0 acid dragon scales
rPois   .            (helmet restricted)
rElec   .            j - +2 cloak
rCorr   +            r - +0 pair of gloves
SInv    .            (no boots)
Will    ++...        (no amulet)
Stlth   +            v - +6 ring of strength
HPRegen 1.33/turn    D - +6 ring of strength
MPRegen 0.12/turn

%: no passive effects
@: marked, strong-willed, on berserk cooldown, regenerating, slowed, very slow
A: horns 2, retaliatory headbutt
a: Renounce Religion, Berserk, Trog's Hand


You were on level 12 of the Dungeon.
You worshipped Trog.
Trog was most pleased with you.
You visited 1 branch of the dungeon, and saw 11 of its levels.

You collected 741 gold pieces.

Inventory:

Hand Weapons
 a - a +0 battleaxe of venom (weapon)
 b - the +6 hammer of Wounding {vamp, rF- rCorr Int+3 Dex+3}
   (You found it on level 3 of the Dungeon)

   Int+3:     It affects your intelligence (+3).
   Dex+3:     It affects your dexterity (+3).
   rF-:       It makes you vulnerable to fire.
   rCorr:     It protects you from acid and corrosion.
Missiles
 o - 10 boomerangs (quivered)
 q - 3 throwing nets {!f}
Armour
 g - a +0 troll leather armour
 j - a +2 cloak (worn)
 r - a +0 pair of gloves (worn)
 z - +0 steam dragon scales
 H - +0 acid dragon scales (worn)
 I - the +4 robe of Augmentation {Str+4 Int+4 Dex+4}
   (You found it on level 9 of the Dungeon)

   Str+4:     It affects your strength (+4).
   Int+4:     It affects your intelligence (+4).
   Dex+4:     It affects your dexterity (+4).
Jewellery
 k - a ring of protection from cold
 v - a +6 ring of strength (left hand)
 x - a ring of protection from cold
 y - a ring of flight
 D - a +6 ring of strength (right hand)
Wands
 e - a wand of charming (14)
 m - a wand of roots (9)
 s - a wand of flame (83)
 B - a wand of polymorph (6)
Scrolls
 c - 4 scrolls of teleportation
 d - 3 scrolls of enchant armour
 h - 3 scrolls of fog
 l - 2 scrolls of blinking {unknown}
 t - 3 scrolls of enchant weapon {unknown}
 w - a scroll of vulnerability
 C - 3 scrolls of fear {unknown}
 F - 2 scrolls of poison
Potions
 f - 5 potions of curing {@q1}
 i - 2 potions of enlightenment
 n - a potion of might {unknown}
 p - a potion of haste {unknown}
 u - a potion of lignification
 A - a potion of cancellation {unknown}


   Skills:
 - Level 3.6 Fighting
 * Level 17.3 Axes
 + Level 7.6 Armour
 - Level 2.1 Dodging
 - Level 6.5 Evocations


You had 10 spell levels left.
You didn't know any spells.
Your spell library was empty.

Dungeon Overview and Level Annotations

Branches:
Dungeon (10/15)            Temple (0/1) D:6
   Lair: D:8-11         Orc: D:9-12

Altars:
Cheibriados
Elyvilon
Fedhas
Kikubaaqudgha
Makhleb
Sif Muna
Wu Jian
Yredelemnul
Zin
The Shining One

Annotations:
D:3 1 runed translucent door, Daviar's ghost, amateur DsSh
D:5 2 runed translucent doors, Quoth's ghost, weakling SpWr
D:7 exclusion: ice statue


Innate Abilities, Weirdness & Mutations

You have a pair of horns on your head.
You reflexively headbutt those who attack you in melee.


Message History

A vampire mosquito comes into view. x2
The vampire mosquito completely misses you.
You furiously retaliate!
You headbutt the vampire mosquito.
The vampire mosquito closely misses you.
You furiously retaliate!
You headbutt the vampire mosquito!
Your skin crawls.
You feel strong-willed. The vampire mosquito barely misses you.
The vampire mosquito bites you but does no damage. x2
The vampire mosquito bites you!
The vampire mosquito draws strength from your injuries!
The vampire mosquito bites you but does no damage.
The vampire mosquito closely misses you.
The vampire mosquito bites you!
* * * LOW HITPOINT WARNING * * *
The vampire mosquito draws strength from your injuries!
You slice the vampire mosquito!!
You destroy the vampire mosquito!
Trog accepts your kill.
You completely miss the vampire mosquito.
You slash the vampire mosquito!
You hear the beating of a drum very nearby.
The vampire mosquito bites you.
* * * LOW HITPOINT WARNING * * *
The vampire mosquito draws strength from your injuries!
The vampire mosquito bites you but does no damage. x2
The vampire mosquito bites you!
* * * LOW HITPOINT WARNING * * *
The vampire mosquito draws strength from your injuries!
The vampire mosquito bites you!
* * * LOW HITPOINT WARNING * * *
The vampire mosquito draws strength from your injuries!
You feel better. The vampire mosquito bites you!
* * * LOW HITPOINT WARNING * * *
The vampire mosquito draws strength from your injuries!
The vampire mosquito barely misses you. The vampire mosquito misses you.
You furiously retaliate!
You headbutt the vampire mosquito!
The vampire mosquito bites you but does no damage.
The vampire mosquito bites you!
You die...

..# #......#
#.###......##
#....†.......
#.# #.#
#.###.##
#.†##..#
##.##..##
#..yyy.#
###.@#..#
#..##.# ....#
... .......
#...
#..#.##.#
#... #..#. .#
... #. #. ..
# .. #.#


You could see 3 vampire mosquitoes.

Vanquished Creatures
  A two-headed ogre (D:9)
  Lodul (D:10)
  Maggie (D:7)
  A troll (D:10)
  5 slime creatures (D:12)
  A wraith (D:12)
  11 yaks
  Menkaure (D:7)
  A steam dragon (D:9)
  3 vampire mosquitoes
  Edmund (D:6)
  2 acid dragons
  2 water moccasins
  2 black bears
  Duvessa (D:7)
  2 sky beasts
  An orc warrior (D:9)
  6 ogres (D:10)
  A centaur (D:5)
  2 kobold brigands (D:9)
  Blork the orc (D:6)
  2 scorpions
  2 bullfrogs (D:8)
  11 wights
  Dowan (D:7)
  2 bombardier beetles (D:3)
  6 howler monkeys
  3 jellies
  2 hounds
  7 orc priests
  2 sleepcaps (D:5)
  Crazy Yiuf (D:3)
  A gnoll bouda (D:3)
  5 iguanas
  3 orc wizards
  Natasha (thrice) (D:3)
  7 adders
  9 gnolls
  A white imp (D:7)
  2 ribbon worms
  46 orcs
  5 endoplasms
  2 giant cockroaches
  7 goblins
  3 hobgoblins
  4 jackals
  17 kobolds
  3 quokkas
  6 ball pythons
  4 bats
  4 frilled lizards
  8 rats
226 creatures vanquished.

Notes
Turn   | Place    | Note
-------+----------+-------------------------------------------
     0 | D:1      | Megalobster the Minotaur Berserker began the quest for the
                  | Orb.
     0 | D:1      | Reached XP level 1. HP: 19/19 MP: 0/0
    87 | D:1      | Reached skill level 4 in Axes
   176 | D:1      | Reached XP level 2. HP: 26/26 MP: 1/1
  1080 | D:2      | Reached skill level 5 in Axes
  1083 | D:2      | Reached XP level 3. HP: 31/31 MP: 2/2
  1167 | D:2      | Found an ornate altar of the Wu Jian Council.
  1312 | D:2      | Reached ** piety under Trog
  1658 | D:3      | Noticed Daviar's ghost (amateur DsSh)
  1659 | D:3      | Found a runed translucent door.
  1737 | D:3      | Reached skill level 6 in Axes
  1737 | D:3      | Reached XP level 4. HP: 35/39 MP: 3/3
  1795 | D:3      | Found a runed translucent door.
  1796 | D:3      | Identified the +6 hammer of Wounding {vamp, rF- rCorr Int+3
                  | Dex+3}
  1796 | D:3      | Noticed Crazy Yiuf
  1806 | D:3      | Killed Crazy Yiuf
  1920 | D:3      | Reached skill level 7 in Axes
  1920 | D:3      | Reached XP level 5. HP: 35/45 MP: 4/4
  2051 | D:3      | Found a blossoming altar of Fedhas.
  2067 | D:3      | Found a glowing silver altar of Zin.
  2131 | D:3      | Noticed Natasha
  2141 | D:3      | Killed Natasha
  2155 | D:3      | Found a snail-covered altar of Cheibriados.
  2239 | D:3      | Reached skill level 8 in Axes
  2245 | D:3      | Noticed Natasha
  2253 | D:3      | Killed Natasha
  2254 | D:3      | Reached XP level 6. HP: 32/51 MP: 5/5
  2461 | D:3      | Noticed Natasha
  2464 | D:3      | Killed Natasha
  2703 | D:3      | Found a glowing golden altar of the Shining One.
  2756 | D:3      | Found a shimmering blue altar of Sif Muna.
  2982 | D:4      | Reached skill level 1 in Evocations
  3003 | D:4      | Found a burning altar of Makhleb.
  3006 | D:4      | Found an ancient bone altar of Kikubaaqudgha.
  3027 | D:4      | Reached *** piety under Trog
  3122 | D:4      | Reached skill level 9 in Axes
  3383 | D:4      | Reached XP level 7. HP: 57/57 MP: 6/6
  3495 | D:4      | Found a sand-covered staircase.
  3628 | D:5      | Entered Level 5 of the Dungeon
  3641 | D:5      | Found a runed translucent door.
  3670 | D:5      | Found a runed translucent door.
  3672 | D:5      | Noticed Quoth's ghost (weakling SpWr)
  3828 | D:5      | Reached skill level 10 in Axes
  3976 | D:5      | Reached XP level 8. HP: 61/64 MP: 7/7
  4291 | D:6      | Reached skill level 11 in Axes
  4396 | D:6      | Found a staircase to the Ecumenical Temple.
  4507 | D:6      | Noticed Edmund
  4534 | D:6      | Killed Edmund
  4606 | D:6      | Noticed Blork the orc
  4611 | D:6      | Killed Blork the orc
  4760 | D:6      | Reached skill level 12 in Axes
  4916 | D:7      | Found a basalt altar of Yredelemnul.
  4929 | D:7      | Noticed Menkaure
  4961 | D:7      | Reached skill level 5 in Evocations
  4966 | D:7      | Killed Menkaure
  4967 | D:7      | Reached XP level 9. HP: 44/70 MP: 8/8
  5213 | D:7      | Noticed an ice statue
  5480 | D:7      | Noticed Duvessa
  5480 | D:7      | Noticed Dowan
  5498 | D:7      | Killed Duvessa
  5499 | D:7      | Reached skill level 13 in Axes
  5503 | D:7      | Killed Dowan
  5563 | D:7      | Found a white marble altar of Elyvilon.
  5684 | D:7      | Noticed Maggie
  5692 | D:7      | Killed Maggie
  5876 | D:8      | Reached skill level 14 in Axes
  6975 | D:9      | Reached XP level 10. HP: 77/77 MP: 9/9
  6977 | D:9      | Reached skill level 15 in Axes
  7016 | D:9      | Reached **** piety under Trog
  7634 | D:9      | Noticed a two-headed ogre
  7705 | D:9      | Killed a two-headed ogre
  7706 | D:9      | Reached skill level 5 in Armour
  8041 | D:9      | Found the +4 robe of Augmentation {Str+4 Int+4 Dex+4}
  8221 | D:10     | Entered Level 10 of the Dungeon
  8258 | D:10     | Reached skill level 16 in Axes
  8619 | D:10     | Noticed Lodul
  8633 | D:10     | Killed Lodul
  9246 | D:10     | You fall into a shaft and drop 2 floors!
  9275 | D:12     | Reached skill level 17 in Axes
  9275 | D:12     | Reached XP level 11. HP: 62/82 MP: 10/10
  9298 | D:12     | HP: 1/82 [vampire mosquito (9)]
  9299 | D:12     | Mangled by a vampire mosquito

Illustrated notes

Levels and vault maps discovered:
D:1:      scummos_arrival_simple_fountains, layout_loops_ring, serial_forest,
          infiniplex_forest_clump_tiny, infiniplex_forest_lined_2,
          infiniplex_forest_end_2, infiniplex_forest_diagonal,
          infiniplex_forest_join, infiniplex_forest_clump_small,
          infiniplex_forest_clump_double, infiniplex_forest_split,
          infiniplex_forest_lined_corner, minmay_fountain_box
D:2:      layout_rooms, basic_altar, minmay_misc_feat_secret_circle,
          minivault_24
D:3:      layout_loops_ring, nicolae_overflow_quartered_altars, slow_altar_2,
          gammafunk_ghost_grave, uniq_natasha, uniq_crazy_yiuf_cottage
D:4:      layout_loops_ring, nicolae_overflow_squiral,
          lightli_ossuary_entry_decrepit_ruins
D:5:      layout_basic, ebering_ghost_sewer_f
D:6:      layout_rooms, minmay_temple_entry_from_below_a, uniq_blork_the_orc,
          uniq_edmund
D:7:      lemuel_ice_statue, layout_loops_ring, yredelemnul_altar_generic,
          nicolae_elyvilon_temple_path, serial_glass, glass_columns_c,
          glass_columns_b, glass_columns_a, glass_columns_c, glass_columns_a,
          glass_columns_a, glass_columns_b, glass_columns_b, uniq_maggie,
          uniq_duvessa, uniq_menkaure
D:8:      layout_rooms
D:9:      layout_small_grid
D:10:     layout_small_grid, lair_entry_dummy, chequers_mini_garden,
          nicolae_shop_unique_rings, minmay_diced_spiral, uniq_lodul
D:12:     layout_rooms, serial_shops, shop_statue, gauntlet_entry_generic

Skill      XL: |  1  2  3  4  5  6  7  8  9 10 |
---------------+-------------------------------+-----
Axes           | 4 5 6 7 8 9 10 12 14 17 | 17.3
Evocations     | 1 3 5 6 |  6.5
Armour         | 3 7 |  7.6
Fighting       | |  3.6
Dodging        | |  2.1

Action                     |  1- 3 |  4- 6 |  7- 9 | 10-12 || total
---------------------------+-------+-------+-------+-------++-------
  Melee: Hand axe          |   104 |     1 |    93 |       ||   198
         Headbutt          |    14 |    10 |    32 |    24 ||    80
         Punch             |     2 |     1 |     2 |       ||     5
         Mace              |       |    92 |    11 |       ||   103
         Battleaxe         |       |       |   102 |   108 ||   210
 Invoke: Berserk           |     2 |     3 |    13 |     6 ||    24
         Trog's Hand       |       |       |     4 |     3 ||     7
    Use: Scroll            |       |       |     9 |     4 ||    13
         Potion            |       |       |       |     1 ||     1
 Armour: Animal skin       |    31 |       |       |       ||    31
         Chain mail        |    40 |    86 |   141 |       ||   267
         Acid dragon scale |       |       |    11 |    88 ||    99
  Dodge: Dodged            |    52 |    53 |   126 |    56 ||   287
